 Dungeon Crawl Stone Soup version 0.20.2-3-g29329e0561 (webtiles) character file.

3570 Alfie the Archer (level 9, -9/81 HPs)
             Began as a Minotaur Hunter on June 3, 2020.
             Mangled by Joseph
             ... wielding a +0 quarterstaff
              (11 damage)
             ... on level 8 of the Dungeon.
             The game lasted 00:24:11 (6645 turns).

Alfie the Archer (Minotaur Hunter)                  Turns: 6645, Time: 00:24:12

Health: -9/81      AC:  5    Str: 21    XL:     9   Next: 84%
Magic:  8/8        EV: 13    Int:  8    God:
Gold:   235        SH:  0    Dex: 10    Spells: 8/8 levels left

rFire    . . .     SeeInvis .   b - +0 short sword
rCold    . . .     Gourm    .   (no shield)
rNeg     . . .     Faith    .   c - +1 leather armour
rPois    .         Spirit   .   (helmet restricted)
rElec    .         Reflect  .   (no cloak)
rCorr    +         Harm     .   (no gloves)
MR       .....                  t - +0 pair of boots
Stlth    +++.......             (no amulet)
Regen    0.3/turn               i - ring of resist corrosion
MPRegen  0.2/turn               o - ring of stealth

@: no status effects
A: retaliatory headbutt, horns 2
a: no special abilities


You were on level 8 of the Dungeon.
You were not hungry.

You visited 1 branch of the dungeon, and saw 8 of its levels.
You also visited: Sewer.

You collected 235 gold pieces.

Inventory:

Hand Weapons
 a - a +1 shortbow
 b - a +0 short sword (weapon)
Missiles
 d - 19 arrows
 q - 3 poisoned tomahawks (quivered)
 E - 2 tomahawks
Armour
 c - a +1 leather armour (worn)
 t - a +0 pair of boots (worn)
Jewellery
 i - a ring of resist corrosion (left hand)
 m - an uncursed amulet of magic regeneration
 n - an uncursed ring of flight
 o - a ring of stealth (right hand)
 v - an uncursed ring of ice {unknown}
 x - an uncursed ring of protection from magic {unknown}
 C - a +2 ring of evasion {unknown}
 D - a +2 ring of intelligence {unknown}
 F - an uncursed ring of protection from magic {unknown}
Wands
 u - a wand of iceblast (9/15)
 w - a wand of confusion (23/48)
 y - a wand of flame (12/48)
Scrolls
 g - 2 scrolls of remove curse
 h - 2 scrolls of recharging
 r - 3 scrolls of magic mapping
 s - 2 scrolls of teleportation
 B - a scroll of identify
Potions
 e - 3 potions of degeneration {unknown}
 j - 2 potions of heal wounds
 l - 4 potions of lignification
 z - 3 potions of curing
 A - 2 potions of flight {unknown}
 G - a potion of mutation {unknown}
Comestibles
 f - 2 bread rations
 k - a royal jelly
 p - 4 meat rations


   Skills:
 + Level 8.3 Fighting
 + Level 2.8 Short Blades
 + Level 11.9 Bows
 + Level 2.6 Throwing
 + Level 4.1 Armour
 + Level 4.3 Dodging
 + Level 2.1 Stealth


You had 8 spell levels left.
You didn't know any spells.

Dungeon Overview and Level Annotations

Branches:
Dungeon (8/15)             Temple (0/1) D:4
   Lair: D:8-11

Altars:

Annotations:
D:8 Joseph, Psyche


Innate Abilities, Weirdness & Mutations

You reflexively headbutt those who attack you in melee.
You have a pair of horns on your head.


Message History

You see here 22 gold pieces.
You now have 235 gold pieces (gained 22).
Found 9 gold pieces.
You see here a viscous silvery potion.
G - a viscous silvery potion Joseph and a zombie come into view.
Joseph shouts!
Joseph unwields an uncursed quarterstaff.
Joseph wields a runed hunting sling.
Joseph shoots a sling bullet.
The sling bullet hits you!
* * * LOW HITPOINT WARNING * * *
You see here a sling bullet.
Wield which item (- for none, * to show all)? (? for menu, Esc to quit)
b - a +0 short sword (weapon)
The adder zombie bites you.
* * * LOW HITPOINT WARNING * * *
Joseph unwields an uncursed enchanted hunting sling.
Joseph wields an uncursed quarterstaff.
Joseph hits you with an uncursed quarterstaff!
You die...

#### #...
#..# ## #...
.# # #..#
.#.###.
#..##@......
#.(.@Z..#
##.######
#.# ##.##
##...##
##.....##
#.......#
#......##
#$#...##


You could see Joseph and an adder zombie.

Vanquished Creatures
  The ghost of peterlawrence the Cudgeler, a novice MiFi of Okawaru (D:6)
  The ghost of peterlawrence the Cudgeler, an amateur MiFi (D:3)
  A yak (D:8)
  A sky beast (D:7)
  A black bear (D:6)
  2 orc warriors
  2 phantoms
  A necrophage (D:7)
  3 ogres
  3 centaurs
  2 big kobolds
  4 bullfrogs
  A water moccasin zombie (D:6)
  A wyvern skeleton (D:7)
  2 scorpions
  2 killer bees (D:8)
  A howler monkey (D:5)
  3 crimson imps
  A centaur zombie (D:6)
  5 orc priests
  2 hounds
  7 orc wizards
  A bullfrog skeleton (D:5)
  2 iguanas (D:7)
  7 worker ants
  A killer bee zombie (D:7)
  A worker ant zombie (D:6)
  2 howler monkey skeletons (D:4)
  3 adders
  5 river rats
  An adder zombie (D:7)
  2 worms
  3 dart slugs
  8 leopard geckos
  26 orcs
  9 bats
  2 giant cockroaches
  8 goblins
  2 hobgoblins
  6 jackals
  14 kobolds
  4 quokkas
  4 frilled lizards
  A jackal zombie (D:7)
  A leopard gecko skeleton (D:6)
  11 rats
171 creatures vanquished.

Vanquished Creatures (others)
  An orc wizard (D:4)
1 creature vanquished.

Grand Total: 172 creatures vanquished

Notes
Turn   | Place    | Note
-------+----------+-------------------------------------------
     0 | D:1      | Alfie the Minotaur Hunter began the quest for the Orb.
     0 | D:1      | Reached XP level 1. HP: 18/18 MP: 0/0
   178 | D:1      | Reached XP level 2. HP: 25/25 MP: 1/1
   202 | D:1      | Reached skill level 5 in Bows
   749 | D:2      | Reached XP level 3. HP: 30/30 MP: 2/2
  1354 | D:3      | HP: 2/45 [poisoned by an adder]
  1364 | D:3      | Reached skill level 6 in Bows
  1364 | D:3      | Reached XP level 4. HP: 7/37 MP: 3/3
  1893 | D:3      | Reached XP level 5. HP: 34/45 MP: 4/4
  2077 | D:3      | Noticed peterlawrence's ghost (amateur MiFi)
  2100 | D:3      | Killed peterlawrence's ghost
  2100 | D:3      | Reached skill level 7 in Bows
  2100 | D:3      | Reached skill level 1 in Armour
  2100 | D:3      | Reached XP level 6. HP: 19/52 MP: 5/5
  2856 | D:4      | Found a staircase to the Ecumenical Temple.
  2871 | D:4      | Reached skill level 8 in Bows
  2871 | D:4      | Reached skill level 1 in Stealth
  2942 | D:4      | Reached XP level 7. HP: 30/60 MP: 6/6
  3240 | D:5      | Entered Level 5 of the Dungeon
  3351 | D:5      | Reached skill level 5 in Fighting
  3472 | D:5      | Reached skill level 9 in Bows
  3482 | D:5      | Found a glowing drain.
  3486 | Sewer    | Entered a sewer
  3695 | Sewer    | Found a glowing silver altar of Zin.
  3842 | D:5      | Reached XP level 8. HP: 69/69 MP: 7/7
  4017 | D:6      | Noticed peterlawrence's ghost (novice MiFi)
  4132 | D:6      | Found a sand-covered staircase.
  4137 | D:6      | Reached skill level 10 in Bows
  4456 | D:6      | Killed peterlawrence's ghost
  4456 | D:6      | Reached skill level 1 in Throwing
  5459 | D:7      | Reached skill level 11 in Bows
  5459 | D:7      | Reached XP level 9. HP: 54/79 MP: 8/8
  5923 | D:7      | Reached skill level 1 in Short Blades
  6324 | D:8      | Noticed Psyche
  6565 | D:8      | Noticed an elephant
  6641 | D:8      | Noticed Joseph
  6642 | D:8      | HP: 3/81 [Joseph/sling bullet (9)]
  6645 | D:8      | Mangled by Joseph

Skill      XL: |  1  2  3  4  5  6  7  8  9 |
---------------+----------------------------+-----
Bows           | 5 6 7 8 9 11 | 11.9
Fighting       | 3 4 5 7 8 |  8.3
Armour         | 1 2 3 4 |  4.1
Stealth        | 1 2 |  2.1
Throwing       | 1 2 |  2.6
Dodging        | 3 4 |  4.3
Short Blades   | 2 |  2.8

Action                   |  1- 3 |  4- 6 |  7- 9 || total
-------------------------+-------+-------+-------++-------
Melee: Short sword       |       |       |    80 ||    80
       Headbutt          |       |       |    26 ||    26
 Fire: Shortbow          |    77 |   141 |   305 ||   523
Throw: Tomahawk          |       |       |    30 ||    30
  Use: Scroll            |     7 |     1 |     6 ||    14
       Potion            |     3 |     1 |     3 ||     7
 Stab: Sleeping          |       |       |     4 ||     4
  Eat: Bread ration      |     1 |     1 |     1 ||     3
       Royal jelly       |       |       |     2 ||     2
Armor: Leather armour    |     2 |     8 |    28 ||    38
       Skin              |     3 |       |     1 ||     4
Dodge: Dodged            |    12 |    29 |   102 ||   143
